 Dungeon Crawl Stone Soup version 0.23.2-30-g0e89c35649 (webtiles) character file.

Game seed: 7921675873922913975

334 Kahibar the Insei (level 6, 0/48 HPs)
             Began as a Draconian Transmuter on June 18, 2019.
             Killed from afar by an orc wizard (4 damage)
             ... with a puff of frost
             ... on level 3 of the Dungeon.
             The game lasted 00:24:46 (4129 turns).

Kahibar the Insei (Draconian Transmuter)            Turns: 4129, Time: 00:24:47

Health: 0/48       AC:  6    Str: 12    XL:     6   Next: 27%
Magic:  10/11      EV: 13    Int: 15    God:
Gold:   121        SH:  0    Dex: 12    Spells: 9/12 levels left

rFire    . . .     SeeInvis .     - Unarmed
rCold    . . .     Gourm    .   (no shield)
rNeg     . . .     Faith    .   (armour unavailable)
rPois    .         Spirit   .   (helmet restricted)
rElec    .         Reflect  .   (no cloak)
rCorr    .         Harm     .   (no gloves)
MR       .....                  (no boots)
Stlth    ++........             (no amulet)
HPRegen  0.16/turn              (no ring)
MPRegen  0.12/turn              (no ring)

@: appendage
A: unfitting armour, horns 2, cold-blooded, AC +6
a: End Transformation


You were on level 3 of the Dungeon.
You were not hungry.
You had grown temporary horns.
You visited 1 branch of the dungeon, and saw 3 of its levels.

You collected 121 gold pieces.

Inventory:

Hand Weapons
 q - a +2 antimagic whip
 r - a +0 spear
Missiles
 a - 62 arrows
 b - 48 bolts
 d - 119 stones (quivered)
 f - 38 sling bullets
 j - 16 poisoned needles
Armour
 m - a scarf of spirit shield
Scrolls
 e - 2 scrolls of noise {unknown}
 g - 2 scrolls of amnesia {unknown}
 l - 3 scrolls of identify {unknown}
 n - 3 scrolls of remove curse
 o - 2 scrolls of fear {unknown}
 p - 3 scrolls of teleportation {unknown}
 s - a scroll of enchant armour {unknown}
 u - a scroll of blinking {unknown}
Potions
 h - a potion of curing {unknown}
 i - a potion of invisibility {unknown}
 k - a potion of mutation {unknown}
Comestibles
 c - 5 rations
 t - 2 chunks of flesh


   Skills:
 + Level 1.8 Fighting
 + Level 2.7 Dodging
 + Level 1.0 Stealth
 + Level 4.7 Unarmed Combat
 * Level 3.5 Spellcasting
 + Level 3.2 Transmutations


You had 9 spell levels left.
You knew the following spells:

 Your Spells              Type           Power        Failure   Level  Hunger
a - Beastly Appendage     Tmut           ##....       4%          1    None
b - Sticks to Snakes      Tmut           ##......     8%          2    ##.....

Your spell library contained the following spells:

 Spells                   Type           Power        Failure   Level  Hunger
 Spider Form              Tmut/Pois      #.........   28%         3    ###....
 Ice Form                 Ice/Tmut       #.......     67%         4    ####...
 Blade Hands              Tmut           ##........   80%         5    ######.


Dungeon Overview and Level Annotations

Branches:
Dungeon (3/15)

Altars:


Innate Abilities, Weirdness & Mutations

Your plain brown scales are hard. (AC +6)
You cannot fit into any form of body armour.
You are cold-blooded and may be slowed by cold attacks.
You have a pair of horns on your head.


Message History

The orc wizard completely misses you.
Casting: Beastly Appendage (safe; 4% risk of failure)
Confirm with . or Enter, or press ? or * to list all spells.
You grow a pair of large bovine horns.
The orc wizard hits you with a +0 dagger.
* * * LOW HITPOINT WARNING * * *
The orc wizard completely misses you.
You closely miss the orc wizard. Your headbutt misses the orc wizard.
The orc wizard is heavily wounded.
The orc wizard hits you but does no damage.
The orc closely misses you. The orc wizard barely misses you.
You hit the orc wizard.
You tail-slap the orc wizard, but do no damage.
The orc wizard is severely wounded.
The orc wizard completely misses you. The orc misses you.
You hit the orc wizard.
The orc wizard is almost dead.
The orc wizard casts a spell at you. The puff of frost hits you.
You die...

#.# #.# #
#.# .#
#.#
####.##
#.#
.......
#.# .....
#.# ...
#.#####.#
#o@oo†).#
#########


You could see an orc priest, an orc wizard and an orc.

Vanquished Creatures
  2 orc wizards (D:3)
  2 orc priests
  Natasha (thrice) (D:2)
  2 adders (D:2)
  3 gnolls
  3 worms (D:3)
  3 dart slugs
  A leopard gecko (D:2)
  15 orcs
  9 bats
  3 giant cockroaches
  7 goblins
  7 hobgoblins
  4 kobolds
  A quokka (D:2)
  A ball python (D:1)
  4 frilled lizards
  3 rats
73 creatures vanquished.

Notes
Turn   | Place    | Note
-------+----------+-------------------------------------------
     0 | D:1      | Kahibar the Draconian Transmuter began the quest for the
                  | Orb.
     0 | D:1      | Reached XP level 1. HP: 16/16 MP: 3/3
   342 | D:1      | Reached XP level 2. HP: 14/23 MP: 3/5
  1110 | D:2      | Reached XP level 3. HP: 25/28 MP: 4/6
  1220 | D:2      | Found a faded altar of an unknown god.
  1314 | D:2      | Noticed Natasha
  1322 | D:2      | Killed Natasha
  1322 | D:2      | Reached XP level 4. HP: 18/35 MP: 5/7
  1402 | D:2      | Noticed Natasha
  1418 | D:2      | Killed Natasha
  1418 | D:2      | Reached skill level 4 in Unarmed Combat
  1585 | D:2      | Learned a level 2 spell: Sticks to Snakes
  2325 | D:2      | Noticed Natasha
  2328 | D:2      | Reached XP level 5. HP: 20/40 MP: 7/9
  2487 | D:2      | Killed Natasha
  3006 | D:2      | HP: 2/40 [orc priest/+0 flail (10)]
  3742 | D:3      | Reached skill level 1 in Stealth
  3742 | D:3      | Reached XP level 6. HP: 31/48 MP: 9/11
  4129 | D:3      | Killed from afar by an orc wizard

Skill      XL: |  1  2  3  4  5 |
---------------+----------------+-----
Dodging        | 2 |  2.7
Unarmed Combat | 4 |  4.7
Spellcasting   | 3 |  3.5
Transmutations | 3 |  3.2
Stealth        | 1 |  1.0
Fighting       | |  1.8

Action                   |  1- 3 |  4- 6 || total
-------------------------+-------+-------++-------
Melee: Unarmed           |    77 |   215 ||   292
       Kick              |     9 |    19 ||    28
       Tailslap          |     4 |    18 ||    22
       Headbutt          |     5 |    14 ||    19
       Punch             |     1 |     6 ||     7
 Cast: Beastly Appendage |    12 |    30 ||    42
  Use: Scroll            |       |     1 ||     1
 Stab: Sleeping          |     1 |     1 ||     2
  Eat: Chunk             |     1 |    10 ||    11
Armor: Skin              |    23 |    63 ||    86
Dodge: Dodged            |    45 |   133 ||   178
